AoeStats
← Bane24

Black Forest

510189393Analyzed
2v2 RM · 4d ago on Sep 29, 2026· 83m 57s· 4 players
Game mode
Random Map
Map size
Medium (4 player)
Population
200
Speed
Normal
Resources
Standard
Victory
Conquest
Starting age
Dark Age
Ending age
Imperial Age
RankedLock teamsTeams togetherTeam positionsShared explorationLock speedFull tech treeHidden civsTurbo modeCheats
Victory
Defeat
🇦🇷 Huns · Argentina
829
+14
🇦🇷 Aztecs · Argentina
752
+17
🇨🇭 Bohemians · Switzerland
789
-16
🇮🇳 Mongols · India
770
-15
BabaYaga0701356
11:17 Feudal Age
17:13 Castle Age
31:31 Imperial Age
30:02 Wheelbarrow
31:25 Hand Cart
30:42 Pikeman
31:23 Squires
31:09 Arson
32:54 Double-Bit Axe
32:52 Horse Collar
35:25 Conscription
38:28 Chemistry
37:51 Ballistics
37:29 Murder Holes
39:32 Siege Engineers
39:54 Houfnice
40:11 Halberdier
43:21 Forging
43:11 Scale Mail Armor
43:12 Padded Archer Armor
43:02 Fletching
45:27 Chain Mail Armor
45:48 Iron Casting
48:48 Bow Saw
48:41 Heavy Plow
50:04 Plate Mail Armor
49:50 Leather Archer Armor
49:31 Bodkin Arrow
50:36 Blast Furnace
50:02 Fortified Wall
53:18 Ring Archer Armor
52:49 Bracer
70:00 Elite Skirmisher
73:15 Elite Hussite Wagon
74:03 Wagenburg Tactics
Bane24
11:15 Feudal Age
12:47 Man-at-Arms
25:25 Castle Age
23:17 Double-Bit Axe
23:17 Horse Collar
24:43 Stone Mining
27:27 Stone Shaft Mining
27:52 Heavy Plow
31:22 Thumb Ring
31:22 Gold Mining
32:22 Bow Saw
33:48 Nomads
40:20 Imperial Age
39:16 Husbandry
39:27 Bloodlines
38:38 Light Cavalry
39:54 Scale Mail Armor
41:03 Gold Shaft Mining
43:01 Elite Steppe Lancer
44:31 Scale Barding Armor
44:41 Chain Mail Armor
44:37 Forging
44:19 Fletching
44:30 Padded Archer Armor
46:30 Chain Barding Armor
46:41 Plate Mail Armor
48:46 Iron Casting
48:07 Bodkin Arrow
48:28 Leather Archer Armor
48:38 Drill
48:42 Caravan
57:16 Capped Ram
58:32 Siege Ram
59:04 Hussar
64:07 Heavy Scorpion
65:03 Arson
65:20 Squires
64:40 Pikeman
pedrantix
0:27 Loom
14:04 Feudal Age
14:46 Double-Bit Axe
15:49 Horse Collar
22:53 Castle Age
24:16 Bow Saw
24:32 Squires
23:52 Pikeman
24:36 Fletching
24:46 Padded Archer Armor
26:30 Gold Mining
26:30 Stone Mining
28:25 Wheelbarrow
30:33 Ballistics
30:20 Heavy Plow
30:22 Caravan
30:48 Hand Cart
31:46 Stone Mining
32:19 Murder Holes
32:57 Fortified Wall
33:23 Elite Skirmisher
33:51 Arson
35:26 Atlatl
36:49 Forging
36:39 Scale Mail Armor
36:35 Bodkin Arrow
36:55 Leather Archer Armor
36:27 Town Watch
38:20 Stone Shaft Mining
38:21 Gold Shaft Mining
40:53 Iron Casting
40:33 Chain Mail Armor
43:50 Imperial Age
43:14 Chain Mail Armor
43:44 Eagle Warrior
45:12 Conscription
45:13 Garland Wars
46:01 Chemistry
47:41 Bracer
48:42 Blast Furnace
48:12 Plate Mail Armor
51:18 Elite Eagle Warrior
53:37 Garland Wars
58:39 Crop Rotation
60:46 Siege Engineers
Blackbird
0:32 Loom
13:47 Feudal Age
16:19 Fletching
19:24 Horse Collar
19:58 Double-Bit Axe
25:36 Castle Age
25:51 Gold Mining
25:55 Stone Mining
26:43 Heavy Plow
26:58 Bow Saw
30:04 Murder Holes
30:30 Ballistics
30:23 Scale Barding Armor
30:29 Forging
30:34 Bloodlines
30:25 Husbandry
30:33 Marauders
32:43 Wheelbarrow
32:47 Light Cavalry
33:19 Town Watch
37:14 Chain Barding Armor
37:31 Iron Casting
37:42 Hand Cart
37:32 Town Patrol
39:07 Man-at-Arms
39:48 Squires
39:35 Arson
39:57 Scale Mail Armor
43:44 Imperial Age
43:20 Chain Mail Armor
44:20 Caravan
44:51 Coinage
44:38 Guilds
44:01 Cavalier
44:55 Hussar
46:06 Paladin
48:33 Blast Furnace
48:09 Plate Barding Armor
47:11 Long Swordsman
49:09 Chemistry
49:46 Two-Man Saw
49:25 Gold Shaft Mining
50:42 Banking
52:29 Conscription
51:33 Elite Tarkan
58:30 Two-Handed Swordsman
58:30 Pikeman
63:23 Thumb Ring
62:39 Elite Skirmisher
63:45 Parthian Tactics
68:49 Halberdier
71:21 Bodkin Arrow
71:26 Padded Archer Armor
80:36 Heavy Cavalry Archer
Connection lost

Rejoining the realm…

Still unreachable

The connection could not be restored.

Session expired

The server has moved on; the page needs a fresh start.